 Dungeon Crawl Stone Soup version 0.28-a0-779-g3d1f99b579 (webtiles) character file.

Game seed: 3113188243958427365

46 kae the Ruffian (level 3, -2/29 HPs)
             Began as a Draconian Transmuter on Nov 2, 2021.
             Succumbed to a goblin's poison
             ... on level 2 of the Dungeon.
             The game lasted 00:00:52 (2135 turns).

kae the Ruffian (Draconian Transmuter)              Turns: 2135, Time: 00:00:53

Health: -2/29      AC:  7    Str: 11 (12) XL:     3   Next: 44%
Magic:  6/6        EV: 12    Int: 13 (14) God:
Gold:   71         SH:  0    Dex: 10 (11) Spells: 5/6 levels left

rFire   . . .      SeeInvis .     - Unarmed
rCold   . . .      Faith    .   (no shield)
rNeg    . . .      Spirit   .   (armour unavailable)
rPois   .          Reflect  .   h - +2 hat
rElec   .          Harm     .   (no cloak)
rCorr   .          Rampage  .   (no gloves)
Will    .....                   (no boots)
Stlth   +.........              (no amulet)
HPRegen 0.09/turn               (no ring)
MPRegen 0.10/turn               (no ring)

@: lethally poisoned (-2 -> -12), hasted, very quick
A: AC +5, unfitting armour, cold-blooded
a: no special abilities


You were on level 2 of the Dungeon.
You visited 1 branch of the dungeon, and saw 2 of its levels.

You collected 71 gold pieces.

Inventory:

Armour
 h - a +2 hat (worn)
Scrolls
 b - a scroll of fog {unknown}
Potions
 d - 2 potions of haste


   Skills:
 + Level 1.7 Fighting
 + Level 2.1 Dodging
 * Level 3.6 Unarmed Combat
 + Level 2.3 Spellcasting
 + Level 2.4 Transmutations


You had 5 spell levels left.
You knew the following spells:

 Your Spells              Type           Power      Damage    Failure   Level
a - Beastly Appendage     Tmut           14%        N/A       9%          1

Your spell library contained the following spells:

 Spells                   Type           Power      Damage    Failure   Level
 Wereblood                Tmut           7%         N/A       14%         2
 Spider Form              Tmut/Pois      4%         N/A       41%         3
 Ice Form                 Ice/Tmut       4%         N/A       83%         4


Dungeon Overview and Level Annotations

Branches:
Dungeon (2/15)

Altars:


Innate Abilities, Weirdness & Mutations

Your plain brown scales are hard. (AC +5)
You cannot fit into any form of body armour.
You are cold-blooded and may be slowed by cold attacks.


Message History

You hit the worm but do no damage. You headbutt the worm.
The worm is heavily wounded.
The quokka misses you. The worm misses you.
You hit the worm.
The worm is severely wounded.
The quokka barely misses you.
There are monsters nearby!
You hit the worm but do no damage. You headbutt the worm.
The worm is almost dead.
The quokka completely misses you.
The goblin hits you with a +2 dagger of venom.
You are poisoned.
The worm completely misses you.
You are too injured to fight recklessly!
You are too injured to fight recklessly!
You are too injured to fight recklessly!
You are too injured to fight recklessly!
You are too injured to fight recklessly!
You feel sick. The goblin hits you but does no damage.
You are lethally poisoned!
You feel very sick. The goblin hits you but does no damage.
You are more poisoned.
The quokka barely misses you.
* * * LOW HITPOINT WARNING * * *
You feel very sick.
* * * LOW HITPOINT WARNING * * *
You feel very sick. The goblin barely misses you.
It was a potion of degeneration.
There was something very wrong with that liquid.
You feel weakened.
You feel dopey.
You feel clumsy.
Your horns disappear.
Your talons disappear.
Your +2 hat unmelds from your body.
* * * LOW HITPOINT WARNING * * *
You feel sick.
The quokka twitches its whiskers.
The goblin misses you.
It was a potion of haste.
You feel yourself speed up.
You die...

*,,,,,* ***** ### *,**,**
,,,,* #.###### *,*,,***
***,***####.#....# *,*,,,,*
* *,,,,,.......#.# *,,,,,**
***########.(#.#.####**,*,*
,,,........>........#,,,,,*
***######..†.######.#,,,,,**
* #.......#.##.@.#.#,,,,,,*
* #.####.##....#g#.#.#**,**
* *,* #.#######rw...#**,** *
*,* #.# ***,#.#.......,*
****,* #.#*#.......#......*
,,,*,* #.#.....#.#.#######*
,,,*,* #.#.#.#...#.# ,,,+,*
#.#,#,.,###.# ,,,***
#.#,*..,,*#.#


You could see a worm, a quokka and a goblin.

Vanquished Creatures
  2 adders (D:2)
  2 dart slugs
  2 endoplasms
  2 giant cockroaches (D:1)
  2 goblins
  3 hobgoblins (D:1)
  A quokka (D:1)
  3 ball pythons
  A frilled lizard (D:1)
  2 kobolds
  4 rats (D:1)
24 creatures vanquished.

Notes
Turn   | Place    | Note
-------+----------+-------------------------------------------
     0 | D:1      | kae the Draconian Transmuter began the quest for the Orb.
     0 | D:1      | Reached XP level 1. HP: 16/16 MP: 3/3
     6 | D:1      | Noticed a black mamba
     6 | D:1      | Noticed a hog
     7 | D:1      | Noticed a polar bear
     7 | D:1      | Noticed a lindwurm
   768 | D:1      | Reached XP level 2. HP: 22/23 MP: 3/5
  1010 | D:1      | Found a faded altar of an unknown god.
  1738 | D:2      | Reached XP level 3. HP: 18/28 MP: 4/6
  2134 | D:2      | HP: 1/29 [poisoned by a goblin]
  2135 | D:2      | Succumbed to a goblin's poison

Illustrated notes

Levels and vault maps discovered:
D:1:      onia_arrival_zoo_common, layout_basic, ebering_ecumenical_altar_ruins
D:2:      layout_basic, basic_altar

Skill      XL: |  1  2 |
---------------+-------+-----
Dodging        | 2 |  2.1
Fighting       | |  1.7
Unarmed Combat | |  3.6
Spellcasting   | |  2.3
Transmutations | |  2.4

Action                   || total
-------------------------++-------
Melee: Unarmed           ||    75
       Tailslap          ||     6
       Kick              ||     6
       Headbutt          ||     4
       Punch             ||     1
 Cast: Beastly Appendage ||    21
  Use: Scroll            ||     6
       Potion            ||     2
Armor: Skin              ||    25
Dodge: Dodged            ||    51

Table legend: (Time is in decaauts)
 A = Elapsed time spent in this place.
 B = Non-inter-level travel time spent in this place.
 C = Inter-level travel time spent in this place.
 D = Time resting spent in this place.
 E = Time spent auto-exploring this place.
 F = Levels seen in this place.
 G = Mean time per level.
                   A        B        C        D        E       F      G
               +--------+--------+--------+--------+--------+-----+--------+
         Total |   2132 |   2055 |     77 |     16 |   1795 |   2 | 1066.0 |
       Dungeon |   2132 |   2055 |     77 |     16 |   1795 |   2 | 1066.0 |
               +--------+--------+--------+--------+--------+-----+--------+

Top non-repeatable levels by time:
     D:1: 1716 daAuts
     D:2: 416 daAuts
